 Dungeon Crawl Stone Soup version 0.27-a0-1217-g8a41f320e8 (webtiles) character file.

Game seed: 6562096210430813769

298 bande the Covered (level 6, -1/38 HPs)
             Began as a Gargoyle Fighter on June 6, 2021.
             Slain by an ogre
             ... wielding a +0 giant club
              (10 damage)
             ... on level 4 of the Dungeon.
             The game lasted 00:06:21 (4860 turns).

bande the Covered (Gargoyle Fighter)                Turns: 4860, Time: 00:06:22

Health: -1/38      AC: 17    Str: 19 (20) XL:     6   Next: 36%
Magic:  6/6        EV:  3    Int:  9      God:
Gold:   168        SH: 11    Dex:  8 (10) Spells: 5/5 levels left

rFire    . . .     SeeInvis .   a - +1 war axe
rCold    . . .     Faith    .   m - +2 kite shield
rNeg     + . .     Spirit   .   k - +0 plate armour
rPois    ∞         Reflect  .   (no helmet)
rElec    +         Harm     .   (no cloak)
rCorr    .         Rampage  .   l - +0 pair of gloves
Will     .....                  (no boots)
Stlth    ..........             (no amulet)
HPRegen  0.12/turn              (no ring)
MPRegen  0.10/turn              (no ring)

@: mighty, studying Translocations
A: sickness immunity, AC +4, negative energy resistance 1, electricity
resistance, torment resistance 1, petrification resistance
a: no special abilities


You were on level 4 of the Dungeon.
You visited 1 branch of the dungeon, and saw 4 of its levels.

You collected 168 gold pieces.

Inventory:

Hand Weapons
 a - a +1 war axe (weapon)
Armour
 k - a +0 plate armour (worn)
 l - a +0 pair of gloves (worn)
 m - a +2 kite shield (worn)
Wands
 j - a wand of flame (26)
Scrolls
 c - 2 scrolls of identify
 e - 3 scrolls of teleportation
Potions
 b - a potion of haste {unknown}
 f - a potion of curing
 g - a potion of brilliance
 h - a potion of heal wounds {unknown}


   Skills:
 + Level 4.2 Fighting
 + Level 3.3 Axes
 + Level 4.4 Armour
 + Level 0.2 Dodging
 + Level 4.1 Shields
 * Level 2.9 Translocations
 * Level 1.1 Evocations


You had 5 spell levels left.
You didn't know any spells.
Your spell library contained the following spells:

 Spells                   Type           Power      Damage    Failure   Level
 Foxfire                  Conj/Fire      0%         2x1d4     100%        1
 Conjure Flame            Conj/Fire      0%         6-21      100%        3
 Inner Flame              Hex/Fire       0%         N/A       100%        3
 Sticky Flame             Conj/Fire      0%         2d3       100%        4
 Fireball                 Conj/Fire      0%         3d3       100%        5


Dungeon Overview and Level Annotations

Branches:
Dungeon (4/15)             Temple (0/1) D:4

Altars:
Ashenzari


Innate Abilities, Weirdness & Mutations

You are immune to sickness and miasma.
Your stone body is resilient. (AC +4)
You are immune to poison.
You resist negative energy. (rN+)
You are resistant to electric shocks. (rElec)
You are resistant to unholy torment.
You are immune to petrification.


Message History

The jackal is almost dead.
You block the jackal's attack.
The jackal bites you but does no damage.
You barely miss the jackal.
The jackal is severely wounded.
The jackal bites you but does no damage. x2
You miss the jackal.
The jackal is severely wounded.
You block the jackal's attack.
The jackal bites you but does no damage.
You hit the jackal.
You kill the jackal!
No target in view!
You start resting.
HP restored.
You climb downwards.
The kobold barely misses you.
There is a stone staircase leading up here.
The kobold hits you but does no damage.
You climb upwards.
There is a stone staircase leading down here.
You slash the kobold!
You kill the kobold!
No target in view!
No target in view!
You climb downwards.
The ogre hits you but does no damage.
There is a stone staircase leading up here.
You completely miss the ogre. The ogre hits you with a +0 giant club!
You hit the ogre but do no damage. The ogre hits you with a +0 giant club!
You hit the ogre.
The ogre is lightly wounded.
The ogre barely misses you. The ogre hits you with a +0 giant club!
* * * LOW HITPOINT WARNING * * *
You feel very mighty all of a sudden.
You slash the ogre!
The ogre is moderately wounded.
The ogre hits you but does no damage.
You barely miss the ogre.
The ogre is moderately wounded.
The ogre hits you with a +0 giant club!
You die...

**+*#.#,,,.#
*,,,#.#,,,..
###,,,#.#,,,h.
#.#,,,#.#,,,O.
#.#####†###*..
#######.........#*.#
#..l..#.#######.##.#
#.###.#.............
#.#@O.#.h....##....#
#h#####.####.#######
#...hKO....#.#....##
#######.##.#.#....'.
#.#*,..#.(..##
#.######....##
#>............
##############


You could see an ogre.

Vanquished Creatures
  A hound (D:3)
  A centaur skeleton (D:4)
  3 iguanas
  A hound skeleton (D:4)
  3 gnolls
  4 adders
  A worm (D:2)
  A dart slug (D:1)
  An orc (D:3)
  3 bats
  5 endoplasms
  3 giant cockroaches
  3 goblins
  7 hobgoblins
  12 jackals
  4 quokkas
  7 ball pythons
  2 frilled lizards
  4 kobolds
  4 rats
70 creatures vanquished.

Vanquished Creatures (collateral kills)
  2 adders (D:2)
  2 hobgoblins (D:2)
  A rat (D:2)
5 creatures vanquished.

Grand Total: 75 creatures vanquished

Notes
Turn   | Place    | Note
-------+----------+-------------------------------------------
     0 | D:1      | bande the Gargoyle Fighter began the quest for the Orb.
     0 | D:1      | Reached XP level 1. HP: 14/14 MP: 1/1
   445 | D:1      | Reached XP level 2. HP: 19/19 MP: 2/2
   695 | D:1      | Identified a scroll of acquirement
   695 | D:1      | Acquired a manual of Translocations
   812 | D:1      | Reached XP level 3. HP: 20/24 MP: 3/3
  1273 | D:2      | Reached skill level 1 in Translocations
  1481 | D:1      | Reached XP level 4. HP: 19/29 MP: 4/4
  2043 | D:2      | Found a faded altar of an unknown god.
  3311 | D:4      | Reached XP level 5. HP: 33/33 MP: 5/5
  3820 | D:4      | Found a broken altar of Ashenzari.
  4381 | D:4      | Reached XP level 6. HP: 38/38 MP: 6/6
  4472 | D:4      | Reached skill level 1 in Evocations
  4860 | D:4      | Slain by an ogre

Illustrated notes

Levels and vault maps discovered:
D:1:      eino_arrival_cavern_b, layout_loops_cross
D:2:      layout_rooms, hellmonk_ecumenical_altar_pennies_from_heaven
D:3:      layout_basic
D:4:      layout_basic, nicolae_overflow_crystal_walls,
          overflow_temple_1_default, temple_green, minmay_ogre_servants

Skill      XL: |  1  2  3  4  5  6 |
---------------+-------------------+-----
Axes           | 2 3 |  3.3
Translocations | 1 2 |  2.9
Fighting       | 4 |  4.2
Armour         | 4 |  4.4
Shields        | 4 |  4.1
Evocations     | 1 |  1.1
Dodging        | |  0.2

Action                   |  1- 3 |  4- 6 || total
-------------------------+-------+-------++-------
Melee: War axe           |    90 |   175 ||   265
  Use: Scroll            |     4 |     6 ||    10
       Potion            |       |     3 ||     3
Armor: Scale mail        |    52 |    18 ||    70
       Plate armour      |       |   155 ||   155
Dodge: Dodged            |    33 |    36 ||    69
Block: Kite shield       |    60 |   125 ||   185

Table legend: (Time is in decaauts)
 A = Elapsed time spent in this place.
 B = Non-inter-level travel time spent in this place.
 C = Inter-level travel time spent in this place.
 D = Time resting spent in this place.
 E = Time spent auto-exploring this place.
 F = Levels seen in this place.
 G = Mean time per level.
                   A        B        C        D        E       F      G
               +--------+--------+--------+--------+--------+-----+--------+
         Total |   5029 |   4930 |     99 |   1459 |   2589 |   4 | 1257.2 |
       Dungeon |   5029 |   4930 |     99 |   1459 |   2589 |   4 | 1257.2 |
               +--------+--------+--------+--------+--------+-----+--------+

Top non-repeatable levels by time:
     D:3: 1554 daAuts
     D:1: 1385 daAuts
     D:4: 1128 daAuts
     D:2: 961 daAuts
